 Dungeon Crawl Stone Soup version 0.21-a0-274-gc1afaeb (webtiles) character file.

145 reteaz the Ruffian (level 5, 25/41 HPs)
             Began as a Demonspawn Fighter on Sept 18, 2017.
             Quit the game on level 3 of the Dungeon.
             The game lasted 00:02:43 (1507 turns).

reteaz the Ruffian (Demonspawn Fighter)             Turns: 1507, Time: 00:02:44

Health: 25/41      AC: 11    Str: 18    XL:     5   Next: 6%
Magic:  5/5        EV:  7    Int:  9    God:
Gold:   131        SH:  8    Dex: 12    Spells: 4/4 levels left

rFire    . . .     SeeInvis .     - Unarmed
rCold    + . .     Gourm    .   b - +0 shield
rNeg     . . .     Faith    .   v - +2 ring mail {rC+}
rPois    .         Spirit   +   (no helmet)
rElec    .         Reflect  .   p - +0 cloak
rCorr    .         Harm     .   (no gloves)
MR       .....                  n - +0 pair of boots (curse)
Stlth    +.........             (no amulet)
HPRegen  0.13/turn              (no ring)
MPRegen  0.09/turn              (no ring)

@: no status effects
A: icy blue scales 1, powered by pain 1, magic shield
a: no special abilities


You were on level 3 of the Dungeon.
You were hungry.

You visited 1 branch of the dungeon, and saw 3 of its levels.

You collected 131 gold pieces.

Inventory:

Armour
 a - a +0 scale mail
 b - a +0 shield (worn)
 n - a cursed +0 pair of boots (worn)
 p - a +0 cloak (worn)
 v - a +2 ring mail of cold resistance (worn)
Jewellery
 t - an uncursed ring of protection from magic {unknown}
Wands
 s - a wand of polymorph (5/24)
 u - a wand of random effects (32/48)
Scrolls
 g - 5 scrolls of identify {unknown}
 k - 3 scrolls of teleportation {unknown}
 l - a scroll of fog {unknown}
 m - a scroll of blinking {unknown}
Potions
 c - a potion of might
 e - 2 potions of heal wounds {unknown}
 f - a potion of mutation {unknown}
 o - a potion of degeneration {unknown}
 q - a potion of agility {unknown}
Books
 r - a book of Maledictions

   Spells                             Type                      Level
   a - Corona                         Hexes                        1
   b - Ensorcelled Hibernation        Hexes/Ice                    2
   c - Confuse                        Hexes                        3
   d - Tukima's Dance                 Hexes                        3
   e - Dazzling Spray                 Conjuration/Hexes            3
Comestibles
 d - a bread ration
 h - a meat ration
 i - a royal jelly
 j - 3 fruits
 w - 14 chunks of flesh


   Skills:
 - Level 3.0 Fighting
 - Level 2.6 Armour
 - Level 2.6 Shields
 + Level 4.8 Unarmed Combat


You had 4 spell levels left.
You didn't know any spells.

Dungeon Overview and Level Annotations

Branches:
Dungeon (3/15)

Altars:
Trog
The Shining One


Innate Abilities, Weirdness & Mutations

You are partially covered in icy blue scales. (AC +2)
You sometimes gain a little power by taking damage.
When hurt, damage is shared between your health and your magic reserves.


Message History

a dagger; a goblin corpse You butcher the goblin corpse.
w - 5 chunks of flesh (gained 3)
You see here a dagger.
There is an open door, spattered with blood here.
Items here: ))))) [[ †††††† Butcher a goblin corpse? [(y)es/(c)hoosy/(n)o/(a)ll/(e)dible/(q)uit/?]
You butcher the goblin corpse.
You butcher the hobgoblin corpse.
You butcher the goblin corpse.
You butcher the hobgoblin corpse.
You butcher the goblin corpse.
You butcher the hobgoblin corpse.
w - 6 chunks of flesh (gained 1);
w - 7 chunks of flesh (gained 1)
w - 9 chunks of flesh (gained 2);
w - 10 chunks of flesh (gained 1)
w - 13 chunks of flesh (gained 3);
w - 14 chunks of flesh (gained 1)
There is an open door, spattered with blood here.
Items here: ))))) [[ ÷÷÷ You are feeling hungry.
Are you sure you want to abandon this character and quit the game? (Confirm with "yes".)

..#.## #.).....######
###. #.......# # #.
#.....<.# # #.
#.####### # # ##.## #
#.####...###########
####.#).....§........##
#≈§≈≈≈.≈≈≈§≈########.##
#≈####@####≈# #...
#§≈≈.≈≈≈### ###.
#⌠≈.....≈⌠##########.#
##≈.._..≈##.........##
#⌠≈.....≈⌠########.#.#
##§≈≈≈≈≈≈## #.##.
###g#g### #.### ## ##
#.# # #.#


You could see 2 goblins.

Vanquished Creatures
  The ghost of anet the Magician, a weakling DEWz (D:3)
  Ijyb (D:3)
  Robin (D:3)
  An adder (D:2)
  2 worms
  3 dart slugs
  A leopard gecko (D:2)
  2 orcs (D:3)
  A ball python (D:3)
  3 bats
  2 giant cockroaches (D:1)
  6 goblins
  8 hobgoblins
  2 jackals (D:1)
  7 kobolds
  2 quokkas (D:3)
  2 frilled lizards
  6 rats
51 creatures vanquished.

Vanquished Creatures (others)
  A rat (D:3)
1 creature vanquished.

Grand Total: 52 creatures vanquished

Notes
Turn   | Place    | Note
-------+----------+-------------------------------------------
     0 | D:1      | reteaz the Demonspawn Fighter began the quest for the Orb.
     0 | D:1      | Reached XP level 1. HP: 18/18 MP: 1/1
    11 | D:1      | Reached skill level 2 in Unarmed Combat
   132 | D:1      | Gained mutation: When hurt, damage is shared between your health and your magic reserves. [demonic ancestry]
   132 | D:1      | Reached XP level 2. HP: 24/24 MP: 2/2
   413 | D:1      | Reached skill level 3 in Unarmed Combat
   688 | D:2      | Gained mutation: You are partially covered in icy blue scales. (AC +2) [demonic ancestry]
   688 | D:2      | Reached XP level 3. HP: 23/29 MP: 3/3
  1150 | D:3      | Found a glowing golden altar of the Shining One.
  1223 | D:3      | Noticed Ijyb
  1273 | D:3      | Killed Ijyb
  1273 | D:3      | Reached skill level 4 in Unarmed Combat
  1273 | D:3      | Reached XP level 4. HP: 30/35 MP: 2/4
  1322 | D:3      | Noticed anet's ghost (weakling DEWz)
  1380 | D:3      | Killed anet's ghost
  1463 | D:3      | Noticed Robin
  1463 | D:3      | Found a bloodstained altar of Trog.
  1492 | D:3      | Killed Robin
  1492 | D:3      | Gained mutation: You sometimes gain a little power by taking damage. [demonic ancestry]
  1492 | D:3      | Reached XP level 5. HP: 23/41 MP: 5/5
  1507 | D:3      | Quit the game

Vault maps used:
D:1:      dpeg_arrival_windows_large_door, minmay_pentomino_z2
D:3:      lightli_temple_of_fire, tso_altar, uniq_robin, uniq_ijyb

Skill      XL: |  1  2  3 |
---------------+----------+-----
Unarmed Combat | 2 3 4 |  4.8
Fighting       | |  3.0
Armour         | |  2.6
Shields        | |  2.6

Action                   |  1- 3 |  4- 6 || total
-------------------------+-------+-------++-------
Melee: Unarmed           |   207 |    80 ||   287
  Eat: Chunk             |       |     2 ||     2
Armor: Scale mail        |    81 |       ||    81
       Ring mail         |       |    46 ||    46
Dodge: Dodged            |    46 |    29 ||    75
Block: Shield            |    79 |    33 ||   112

Table legend:
 A = Spawn XP
 B = Non-spawn XP
 C = Spawn XP percentage of total XP
 D = Spawn monster count
 E = Non-spawn monster count
 F = Spawn count percentage of total count
 G = Total turns spent on level
                    A         B        C        D         E        F      G
               +---------+---------+-------+---------+---------+-------+---------
         Total |       0 |     208 |   0.0 |       0 |      51 |   0.0 |  1507
               +---------+---------+-------+---------+---------+-------+---------
           D:1 |       0 |      32 |   0.0 |       0 |      16 |   0.0 |   612
           D:2 |       0 |      36 |   0.0 |       0 |      12 |   0.0 |   371
           D:3 |       0 |     140 |   0.0 |       0 |      23 |   0.0 |   524
               +---------+---------+-------+---------+---------+-------+---------
